 Dungeon Crawl Stone Soup version 0.19.5 (webtiles) character file.

9982 Hybris the Carver (level 11, -3/159 HPs)
             Began as a Deep Dwarf Berserker on Apr 1, 2017.
             Was a Priest of Trog.
             Slain by a 16-headed hydra (13 damage)
             ... on level 11 of the Dungeon.
             The game lasted 00:27:36 (9467 turns).

Hybris the Carver (Deep Dwarf Berserker)            Turns: 9467, Time: 00:27:38

Health: -3/159     AC: 10    Str: 29      XL:     11   Next: 30%
Magic:  11/11      EV: 12    Int:  6 (8)  God:    Trog [***...]
Gold:   531        SH:  0    Dex: 12      Spells: 0 memorised, 10 levels left

rFire  . . .     SeeInvis .     G - +1 scimitar (holy)
rCold  + . .     Gourm    .     I - +3 ring mail {rPois}
rNeg   . . .     Faith    .     (no shield)
rPois  +         Spirit   .     m - +0 helmet (curse)
rElec  .         Reflect  .     (no cloak)
rCorr  .         Harm     .     (no gloves)
MR     +++..                    l - +0 pair of boots
Stlth  ..........               (no amulet)
                                u - ring of stealth
                                s - ring of protection from cold

@: berserking, non-regenerating, very quick
A: damage resistance, recharge devices, sense surroundings 2, slow regeneration
3
a: Device Recharging, Berserk, Trog's Hand, Burn Spellbooks, Renounce Religion


You were on level 11 of the Dungeon.
You worshipped Trog.
Trog was most pleased with you.
You were very hungry.

You visited 1 branch of the dungeon, and saw 11 of its levels.

You collected 531 gold pieces.

Inventory:

Hand Weapons
 a - a +1 falchion
 G - a +1 scimitar of holy wrath (weapon)
Armour
 l - a +0 pair of boots (worn)
 m - a cursed +0 helmet (worn)
 I - a +3 ring mail of poison resistance (worn)
Jewellery
 s - a ring of protection from cold (left hand)
 u - a ring of stealth (right hand)
 y - an uncursed amulet of regeneration {unknown}
Wands
 c - a wand of heal wounds (4/9)
 k - a wand of slowing (24/48)
 w - a wand of digging (16/24)
 H - a wand of slowing (10/48)
 L - a wand of confusion (7/48)
 M - a wand of iceblast (5/15)
 P - a wand of slowing (25/48)
Scrolls
 b - 4 scrolls of identify
 f - 7 scrolls of remove curse
 h - 7 scrolls of teleportation
 t - 2 scrolls of enchant weapon
 C - a scroll of recharging
 J - 2 scrolls of fear
Potions
 e - 2 potions of agility
 g - a potion of cancellation
 j - 3 potions of invisibility {unknown}
 o - a potion of haste
 p - a potion of ambrosia
 q - 4 potions of curing
 r - a potion of might {unknown}
 v - a potion of resistance
 z - a potion of heal wounds {unknown}
 E - a potion of berserk rage
 F - a potion of mutation
Comestibles
 d - 5 bread rations
 i - 3 fruits
 n - 6 meat rations


   Skills:
 + Level 9.4 Fighting
 * Level 14.5 Long Blades
 - Level 2.1 Armour
 - Level 2.1 Dodging


You had 10 spell levels left.
You didn't know any spells.

Dungeon Overview and Level Annotations

Branches:
Dungeon (11/15)            Temple (0/1) D:7            Lair (0/6) D:11
    Orc (0/2) D:10

Altars:
Ru
Trog

Shops:
D:9 *(?


Innate Abilities, Weirdness & Mutations

You are resistant to damage.
You can recharge devices by infusing magical energy.
You passively map the area around you.
You do not regenerate.


Message History

The 14-headed hydra bites you but does no damage.
The 14-headed hydra closely misses you. x2
The 14-headed hydra barely misses you. x3; The 14-headed hydra bites you!
* * * LOW HITPOINT WARNING * * *
You lop one of the 14-headed hydra's heads off!
The 13-headed hydra grows two more!
You slash the 15-headed hydra!
The 15-headed hydra is severely wounded.
You hack one of the 15-headed hydra's heads off!
The 14-headed hydra grows two more!
You slice the 16-headed hydra!!
The 16-headed hydra is severely wounded.
The 16-headed hydra barely misses you. The 16-headed hydra misses you.
The 16-headed hydra closely misses you. The 16-headed hydra bites you.
* * * LOW HITPOINT WARNING * * *
The 16-headed hydra bites you but does no damage.
The 16-headed hydra barely misses you. The 16-headed hydra bites you!
* * * LOW HITPOINT WARNING * * *
The 16-headed hydra bites you!
* * * LOW HITPOINT WARNING * * *
The 16-headed hydra bites you!
You die...

* ** , ,
*########## * ,,,
......D@.# , *
########.# * * #.#
#.# #.# #.# #.#
########### #.#
..........#######.#


You could see a 16-headed hydra.

Vanquished Creatures
  Fannar (D:10)
  Sonja (D:10)
  Pikel (D:5)
  A deep elf mage (D:11)
  An ugly thing (D:11)
  Maurice (D:10)
  Joseph (D:9)
  Grinder (D:4)
  4 hippogriffs
  3 wyverns
  3 yaks (D:11)
  A hungry ghost (D:9)
  A mottled dragon (D:11)
  A soldier ant (D:11)
  2 water moccasins
  2 phantoms
  Purgy (D:3)
  5 orc warriors
  A black bear (D:9)
  3 ice beasts
  2 ogres
  4 centaurs
  A crocodile (D:11)
  2 big kobolds
  Blork the orc (D:5)
  6 bullfrogs
  5 scorpions
  8 wights
  3 howler monkeys
  4 crimson imps
  3 quasits
  A jelly (D:7)
  5 hounds
  7 orc wizards
  A centaur skeleton (D:5)
  An orc priest (D:8)
  Crazy Yiuf (D:3)
  3 bullfrog skeletons
  Jessica (D:3)
  2 iguanas
  13 worker ants
  A killer bee zombie (D:9)
  A hound zombie (D:6)
  A hound skeleton (D:5)
  2 worker ant zombies
  12 adders
  3 gnolls (D:6)
  A howler monkey skeleton (D:5)
  3 river rats (D:11)
  3 shadow imps
  3 oozes
  5 adder skeletons
  3 worms
  4 leopard geckos
  16 orcs
  7 giant cockroaches
  7 goblins
  4 hobgoblins
  2 jackals (D:4)
  4 quokkas
  A ball python (D:1)
  13 bats
  5 frilled lizards
  13 kobolds
  A leopard gecko zombie (D:5)
  A quokka skeleton (D:7)
  12 rats
237 creatures vanquished.

Vanquished Creatures (others)
  A slave (D:5)
  A worker ant (D:5)
  4 orcs (D:5)
  5 fungi (D:11)
  2 plants (D:11)
13 creatures vanquished.

Grand Total: 250 creatures vanquished

Notes
Turn   | Place    | Note
-------+----------+-------------------------------------------
     0 | D:1      | Hybris the Deep Dwarf Berserker began the quest for the Orb.
     0 | D:1      | Reached XP level 1. HP: 20/20 MP: 1/1
   456 | D:1      | Reached XP level 2. HP: 18/27 MP: 2/2
  1076 | D:2      | Reached skill level 4 in Long Blades
  1076 | D:2      | Reached XP level 3. HP: 10/33 MP: 3/3
  1243 | D:2      | Reached ** piety under Trog
  1471 | D:3      | Noticed Jessica
  1495 | D:3      | Killed Jessica
  1495 | D:3      | Reached skill level 5 in Long Blades
  1495 | D:3      | Reached XP level 4. HP: 40/40 MP: 4/4
  1674 | D:3      | Noticed Purgy
  1697 | D:3      | Killed Purgy
  1697 | D:3      | Reached skill level 6 in Long Blades
  1697 | D:3      | Reached XP level 5. HP: 25/46 MP: 5/5
  1905 | D:3      | Found a bloodstained altar of Trog.
  1966 | D:3      | Found a runed door.
  2198 | D:3      | Noticed Crazy Yiuf
  2202 | D:3      | Killed Crazy Yiuf
  2288 | D:4      | Noticed an orc warrior
  2312 | D:4      | Killed an orc warrior
  2312 | D:4      | Reached XP level 6. HP: 38/56 MP: 6/6
  2329 | D:4      | Reached skill level 7 in Long Blades
  2835 | D:4      | Reached XP level 7. HP: 35/63 MP: 7/7
  3028 | D:4      | Noticed Grinder
  3061 | D:4      | Killed Grinder
  3061 | D:4      | Reached skill level 8 in Long Blades
  3335 | D:5      | Entered Level 5 of the Dungeon
  3455 | D:5      | Noticed Blork the orc
  3480 | D:5      | Killed Blork the orc
  3729 | D:5      | Noticed Pikel
  3753 | D:5      | Killed Pikel
  3753 | D:5      | Reached skill level 5 in Fighting
  3753 | D:5      | Reached skill level 9 in Long Blades
  3753 | D:5      | Reached XP level 8. HP: 74/74 MP: 8/8
  4320 | D:6      | Reached skill level 10 in Long Blades
  4647 | D:6      | Gained mutation: You passively map the area around you. [Deep Dwarf growth]
  4647 | D:6      | Reached XP level 9. HP: 54/82 MP: 9/9
  5089 | D:7      | Found a staircase to the Ecumenical Temple.
  5253 | D:7      | Found a sacrificial altar of Ru.
  5262 | D:7      | Reached *** piety under Trog
  5262 | D:7      | Reached skill level 11 in Long Blades
  6289 | D:8      | Reached skill level 12 in Long Blades
  6728 | D:8      | Reached XP level 10. HP: 55/94 MP: 10/10
  6898 | D:9      | Noticed Joseph
  6911 | D:9      | Killed Joseph
  7075 | D:9      | Found Xiblaulu's Assorted Antiques.
  7115 | D:9      | Found Pocyb's Weapon Shop.
  7268 | D:9      | Reached skill level 13 in Long Blades
  7356 | D:9      | Found Etocsaph's Magic Scroll Shop.
  7516 | D:10     | Entered Level 10 of the Dungeon
  7580 | D:10     | Noticed Maurice
  7596 | D:10     | Killed Maurice
  7806 | D:10     | Noticed Fannar
  7816 | D:10     | Killed Fannar
  7937 | D:10     | Noticed Sonja
  8153 | D:10     | Found a staircase to the Orcish Mines.
  8529 | D:10     | Killed Sonja
  8753 | D:11     | Received a gift from Trog
  8767 | D:11     | Reached skill level 14 in Long Blades
  8775 | D:11     | Noticed a cyan ugly thing
  8878 | D:10     | Gained mutation: You are frail. (-10% HP) [potion of mutation]
  8878 | D:10     | Gained mutation: Your body sometimes deteriorates upon taking damage. [potion of mutation]
  8878 | D:10     | Gained mutation: You have a somewhat thin skeletal structure. (Dex +2, Stealth) [potion of mutation]
  8879 | D:10     | Lost mutation: You are frail. (-10% HP) [potion of cure mutation]
  8879 | D:10     | Lost mutation: Your body sometimes deteriorates upon taking damage. [potion of cure mutation]
  8879 | D:10     | Lost mutation: You have a somewhat thin skeletal structure. (Dex +2, Stealth) [potion of cure mutation]
  8898 | D:11     | Killed a cyan ugly thing
  8898 | D:11     | Reached XP level 11. HP: 106/106 MP: 11/11
  8996 | D:11     | Found a staircase to the Lair.
  9019 | D:11     | Reached **** piety under Trog
  9089 | D:11     | Received a gift from Trog
  9204 | D:11     | Noticed a deep elf mage
  9210 | D:11     | Killed a deep elf mage
  9454 | D:11     | Noticed an eight-headed hydra
  9467 | D:11     | Slain by a 16-headed hydra

Skill      XL: |  1  2  3  4  5  6  7  8  9 10 |
---------------+-------------------------------+-----
Long Blades    | 4 5 6 7 9 10 12 14 | 14.5
Fighting       | 3 5 6 7 9 |  9.4
Armour         | |  2.1
Dodging        | |  2.1

Action                   |  1- 3 |  4- 6 |  7- 9 | 10-12 || total
-------------------------+-------+-------+-------+-------++-------
Melee: Falchion          |    98 |   170 |   119 |       ||   387
       Scimitar          |       |       |   258 |   275 ||   533
Invok: Trog's Hand       |     1 |     4 |    14 |    12 ||    31
       Berserk           |     1 |     2 |     4 |    10 ||    17
       Burn Spellbooks   |       |       |     2 |     2 ||     4
Evoke: Wand              |     1 |     1 |       |     3 ||     5
  Use: Scroll            |     4 |     1 |     2 |     8 ||    15
       Potion            |       |       |     1 |     6 ||     7
 Stab: Sleeping          |     1 |       |       |     1 ||     2
       Paralysed         |       |       |     1 |       ||     1
  Eat: Chunk             |     3 |     8 |    18 |    15 ||    44
       Fruit             |       |       |     1 |     1 ||     2
       Royal jelly       |       |       |     1 |       ||     1
       Beef jerky        |       |       |       |     4 ||     4
       Pizza             |       |       |       |     1 ||     1
Armor: Animal skin       |     4 |       |       |       ||     4
       Scale mail        |    27 |    82 |       |       ||   109
       Ring mail         |     4 |       |    51 |   162 ||   217
       Plate armour      |       |    16 |   125 |       ||   141
Dodge: Dodged            |    61 |   111 |   141 |   192 ||   505
       Rpst.: Falchion   |    22 |    40 |    10 |       ||    72
       Scimitar          |       |       |    32 |    46 ||    78
